 Dungeon Crawl Stone Soup version 0.28.0-53-g5a82cb258f (webtiles) character file.

Game seed: 2377090225235961039

104 PentaManta the Changer (level 4, -9/32 HPs)
             Began as a Merfolk Transmuter on June 5, 2022.
             Killed by divine providence
             ... invoked by an orc priest
              (10 damage)
             ... on level 3 of the Dungeon.
             The game lasted 00:04:42 (2778 turns).

PentaManta the Changer (Merfolk Transmuter)         Turns: 2778, Time: 00:04:43

Health: -9/32      AC:  2    Str: 10    XL:     4   Next: 80%
Magic:  4/7        EV: 16    Int: 14    God:
Gold:   101        SH:  0    Dex: 14    Spells: 3/7 levels left

rFire   . . .      SeeInvis .     - Unarmed
rCold   . . .      Faith    .   (no shield)
rNeg    . . .      Spirit   .   a - +0 robe
rPois   .          Reflect  .   (no helmet)
rElec   .          Harm     .   (no cloak)
rCorr   .          Rampage  .   (no gloves)
Will    .....                   (no boots)
Stlth   +.........              (no amulet)
HPRegen 0.10/turn               f - +4 ring of evasion
MPRegen 0.10/turn               (no ring)

@: no status effects
A: (nimble swimmer 2), mertail
a: no special abilities


You were on level 3 of the Dungeon.
You visited 1 branch of the dungeon, and saw 3 of its levels.

You collected 101 gold pieces.

Inventory:

Missiles
 b - 15 stones
Armour
 a - a +0 robe (worn)
 i - a +2 scale mail of fire resistance
Jewellery
 f - a +4 ring of evasion (left hand)
Scrolls
 c - a scroll of amnesia {unknown}
 g - 4 scrolls of immolation {unknown}
 h - 3 scrolls of identify {unknown}
Potions
 d - 2 potions of haste {unknown}
 e - 2 potions of mutation {unknown}


   Skills:
 - Level 1.1 Fighting
 - Level 2.6 Dodging
 - Level 3.2 Unarmed Combat
 - Level 2.0 Spellcasting
 + Level 6.4 Transmutations


You had 3 spell levels left.
You knew the following spells:

 Your Spells              Type           Power      Damage    Failure   Level
a - Beastly Appendage     Tmut           38%        N/A       1%          1
b - Spider Form           Tmut/Pois      10%        N/A       19%         3

Your spell library contained the following spells:

 Spells                   Type           Power      Damage    Failure   Level
 Wereblood                Tmut           19%        N/A       2%          2
 Foxfire                  Conj/Fire      4%         2x1d4     24%         1
 Conjure Flame            Conj/Fire      1%         6-21      56%         3
 Inner Flame              Hex/Fire       1%         N/A       56%         3
 Ice Form                 Ice/Tmut       10%        N/A       54%         4
 Flame Wave               Conj/Fire      1%         2d4       93%         4


Dungeon Overview and Level Annotations

Branches:
Dungeon (3/15)

Altars:
Xom

Shops:
D:2 (


Innate Abilities, Weirdness & Mutations

((You are very nimble when in or above water. (Stealth+, EV+, Speed+++)))
Your lower body shifts to a powerful aquatic tail in water.


Message History

The orc closely misses you.
You hit the orc but do no damage.
The orc is poisoned.
The orc is heavily wounded.
The orc completely misses you.
You hit the orc.
You kill the orc!
Your transformation is almost over.
You bite the orc!
You kill the orc!
An orc priest comes into view. It is wielding a +0 club.
Things that are here:
a +0 hand axe; 2 gold pieces An orc wizard comes into view.
It is wielding a +0 mace.
The orc priest misses you.
You hit the orc priest.
The orc priest is poisoned.
The orc priest is lightly wounded.
The orc priest calls down the wrath of Beogh upon you.
Beogh smites you!
You barely miss the orc priest.
The orc priest is moderately wounded.
The orc priest closely misses you.
You hit the orc priest but do no damage.
The orc priest looks as sick as possible!
The orc priest is moderately wounded.
The orc priest hits you with a +0 club.
The orc wizard hits you but does no damage.
You barely miss the orc priest.
The orc priest is heavily wounded.
The orc priest mumbles some strange prayers to Beogh against you.
Pain shoots through your body!
* * * LOW HITPOINT WARNING * * *
The orc wizard completely misses you.
You hit the orc wizard.
The orc wizard is poisoned.
The orc wizard is lightly wounded.
Your transformation has ended.
Your +0 robe unmelds from your body.
The orc priest barely misses you. The orc wizard closely misses you.
The orc priest mumbles some strange prayers to Beogh against you.
Beogh smites you!
You die...

#.# .. ## .. .
##. #.#.. ##
#.#.# . #.oo# .#
#.###.# #.@.).#
###.### # ####
###)##.... #. ..#
#......# #. #.#
#.#.##.# #.
#####.###.#.##.##
#.
#................
#.
#.###.###........
#. #.###.#
#.....##.


You could see an orc priest (extremely poisoned) and an orc wizard (very
poisoned).

Vanquished Creatures
  Terence (D:2)
  6 dart slugs
  3 orcs (D:3)
  2 endoplasms (D:2)
  4 giant cockroaches
  8 hobgoblins
  8 jackals
  4 quokkas
  4 ball pythons
  4 bats
  7 frilled lizards
  A goblin (D:2)
  4 kobolds
  6 rats
62 creatures vanquished.

Vanquished Creatures (others)
  A plant (D:2)
1 creature vanquished.

Grand Total: 63 creatures vanquished

Notes
Turn   | Place    | Note
-------+----------+-------------------------------------------
     0 | D:1      | PentaManta the Merfolk Transmuter began the quest for the
                  | Orb.
     0 | D:1      | Reached XP level 1. HP: 15/15 MP: 3/3
    19 | D:1      | Reached skill level 3 in Transmutations
    24 | D:1      | Reached XP level 2. HP: 14/21 MP: 5/5
   314 | D:1      | Reached skill level 4 in Transmutations
   887 | D:1      | Reached XP level 3. HP: 25/26 MP: 4/6
  1414 | D:1      | Reached skill level 5 in Transmutations
  1600 | D:2      | Learned a level 3 spell: Spider Form
  2026 | D:2      | Reached XP level 4. HP: 31/32 MP: 7/7
  2057 | D:2      | Found a shimmering altar of Xom.
  2315 | D:2      | Noticed Terence
  2328 | D:2      | Killed Terence
  2329 | D:2      | Reached skill level 6 in Transmutations
  2416 | D:2      | Found Noggi's Antique Weapon Shoppe.
  2776 | D:3      | HP: 1/32 [orc priest/nerve-wracking pain (14)]
  2778 | D:3      | Killed from afar by an orc priest

Illustrated notes

Levels and vault maps discovered:
D:1:      scummos_arrival_simple_fountains, layout_rooms, serial_bayou_ford_a,
          chequers_decorated_corner
D:2:      layout_basic, serial_shops, shop, basic_altar, grunt_decor_cap,
          corexii_shack, uniq_terence
D:3:      layout_loops_corners, shapermc_ecumenical_altar_mp_highgroup,
          gup_sewer_entry_bubbles

Skill      XL: |  1  2  3  4 |
---------------+-------------+-----
Transmutations | 3 4 5 6 |  6.4
Fighting       | |  1.1
Dodging        | |  2.6
Unarmed Combat | |  3.2
Spellcasting   | |  2.0

Action                   |  1- 3 |  4- 6 || total
-------------------------+-------+-------++-------
Melee: Unarmed           |   136 |    60 ||   196
       Headbutt          |    20 |     4 ||    24
       Punch             |     3 |     1 ||     4
 Cast: Beastly Appendage |    26 |     8 ||    34
       Spider Form       |       |     2 ||     2
Armor: Robe              |    21 |     2 ||    23
       Skin              |       |     1 ||     1
Dodge: Dodged            |    94 |    38 ||   132
